SAAA
TORTOLITA DRUMMERS @ JERSEY CITY SUN CAPS
05/30/2026
 
TOP OF THE 1ST
Tortolita Drummers batting - Pitching for Jersey City Sun Caps : RHP Doug Green
Pitching: RHP Doug Green
Batting: RHB Jesús Martínez 0-0: Ball
1-0: Ground out U3 (Groundball, 3S)
Batting: RHB Blair Sweeny 0-0: Foul Ball, location: 2F
0-1: Foul Ball, location: 2F
0-2: SINGLE (Line Drive, 6)
Batting: RHB Jorge Rosa 0-0: Ball
1-0: Foul Ball, location: 2F
1-1: Ball
2-1: Called Strike
2-2: SINGLE (Groundball, 6S) (infield hit)
Blair Sweeny to second
Batting: RHB Edmund Gallagher 0-0: Called Strike
0-1: Foul Ball, location: 2F
0-2: Foul Ball, location: 2F
0-2: Ball
1-2: Ball
2-2: Fly out, F5 (Popup, 5D)
Batting: RHB Stephen Blair 0-0: Ball
1-0: Fielders Choice at 2nd, 6-4 (Groundball, 6)
Top of the 1st over - 0 run(s), 2 hit(s), 0 error(s), 1 left on base; Tortolita 0 - Jersey City 0
BOTTOM OF THE 1ST
Jersey City Sun Caps batting - Pitching for Tortolita Drummers : RHP Eduardo Bravo
Pitching: RHP Eduardo Bravo
Batting: LHB Gerald Kaufman 0-0: Swinging Strike
0-1: Ball
1-1: Fly out, F6 (Line Drive, 6M)
Batting: RHB Brandon Reed 0-0: Ball
1-0: Fly out, F6 (Popup, 6)
Batting: LHB Cole Thrash 0-0: Called Strike
0-1: Ball
1-1: Ball
2-1: Called Strike
2-2: Ball
3-2: Foul Ball, location: 2F
3-2: Ground out U3 (Groundball, 3)
Bottom of the 1st over - 0 run(s), 0 hit(s), 0 error(s), 0 left on base; Tortolita 0 - Jersey City 0
TOP OF THE 2ND
Tortolita Drummers batting - Pitching for Jersey City Sun Caps : RHP Doug Green
Batting: RHB Alexis Smeddon 0-0: Called Strike
0-1: Called Strike
0-2: Foul Ball, location: 2F
0-2: Ball
1-2: SINGLE (Groundball, 6MD)
Batting: SHB Juan Blanco 0-0: Fly out, F8 (Flyball, 78M)
Batting: RHB Ricardo Pacheco 0-0: Ball
1-0: Foul Ball, location: 2F
1-1: Fly out, F9 (Flyball, 9S)
Batting: RHB Rick McGuire 0-0: Fielders Choice at 2nd, 5-4 (Groundball, 5L)
Top of the 2nd over - 0 run(s), 1 hit(s), 0 error(s), 0 left on base; Tortolita 0 - Jersey City 0
BOTTOM OF THE 2ND
Jersey City Sun Caps batting - Pitching for Tortolita Drummers : RHP Eduardo Bravo
Batting: RHB Ed Adams 0-0: Ball
1-0: Ground out 6-3 (Groundball, 6)
Batting: LHB Qi-zhen Loong 0-0: Called Strike
0-1: Ball
1-1: Ball
2-1: Ball
3-1: Fly out, F7 (Flyball, 7LS)
Batting: RHB Alfredo Pizarro 0-0: Ball
1-0: Foul Ball, location: 2F
1-1: Foul Ball, location: 2F
1-2: Foul Ball, location: 2F
1-2: Ball
2-2: Strikes out swinging
Bottom of the 2nd over - 0 run(s), 0 hit(s), 0 error(s), 0 left on base; Tortolita 0 - Jersey City 0
TOP OF THE 3RD
Tortolita Drummers batting - Pitching for Jersey City Sun Caps : RHP Doug Green
Batting: RHB Jesús Martínez 0-0: Bunt missed!
0-1: Fly out, F7 (Flyball, 7LS)
Batting: RHB Blair Sweeny 0-0: Foul Ball, location: 2F
0-1: Ball
1-1: Foul Ball, location: 2F
1-2: Ball
2-2: SINGLE (Groundball, 56D)
Batting: RHB Jorge Rosa 0-0: Ball
1-0: Ball
2-0: Swinging Strike
2-1: Fly out, F9 (Flyball, 89S)
Batting: RHB Edmund Gallagher 0-0: Fly out, F8 (Line Drive, 8LM)
Top of the 3rd over - 0 run(s), 1 hit(s), 0 error(s), 1 left on base; Tortolita 0 - Jersey City 0
BOTTOM OF THE 3RD
Jersey City Sun Caps batting - Pitching for Tortolita Drummers : RHP Eduardo Bravo
Batting: RHB Mike Greene 0-0: Ball
1-0: Called Strike
1-1: Ball
2-1: Ball
3-1: Base on Balls
Batting: RHB Mike Peterson 0-0: Ball
1-0: Swinging Strike
1-1: Foul Ball, location: 2F
1-2: Ball
2-2: Foul Ball, location: 2F
2-2: Grounds into double play, 4-6-3 (Groundball, 4)
Batting: SHB Dominique Prost 0-0: Called Strike
0-1: Foul Ball, location: 2F
0-2: Foul Ball, location: 2F
0-2: Ball
1-2: DOUBLE (Flyball, 89XD)
Batting: LHB Gerald Kaufman 0-0: DOUBLE (Line Drive, 8LXD)
Dominique Prost scores
Batting: RHB Brandon Reed 0-0: Foul Ball, location: 2F
0-1: Called Strike
0-2: Foul Ball, location: 2F
0-2: Ball
1-2: Strikes out swinging
Bottom of the 3rd over - 1 run(s), 2 hit(s), 0 error(s), 1 left on base; Tortolita 0 - Jersey City 1
TOP OF THE 4TH
Tortolita Drummers batting - Pitching for Jersey City Sun Caps : RHP Doug Green
Batting: RHB Stephen Blair 0-0: Ball
1-0: Ball
2-0: Swinging Strike
2-1: Fly out, F8 (Line Drive, 8RM)
Batting: RHB Alexis Smeddon 0-0: Ball
1-0: Ball
2-0: SINGLE (Groundball, 6MD)
Batting: SHB Juan Blanco 0-0: Called Strike
0-1: Ball
1-1: Ball
2-1: Ball
3-1: Fly out, F9 (Flyball, 9LMF)
Batting: RHB Ricardo Pacheco 0-0: Called Strike
0-1: Ball
1-1: Ball
2-1: Ground out U3 (Groundball, 3)
Top of the 4th over - 0 run(s), 1 hit(s), 0 error(s), 1 left on base; Tortolita 0 - Jersey City 1
BOTTOM OF THE 4TH
Jersey City Sun Caps batting - Pitching for Tortolita Drummers : RHP Eduardo Bravo
Batting: LHB Cole Thrash 0-0: Ball
1-0: Swinging Strike
1-1: Called Strike
1-2: Foul Ball, location: 2F
1-2: Strikes out swinging
Batting: RHB Ed Adams 0-0: Ball
1-0: Ball
2-0: Called Strike
2-1: Foul Ball, location: 2F
2-2: Ground out 6-3 (Groundball, 6)
Batting: LHB Qi-zhen Loong 0-0: Ground out U3 (Groundball, 34)
Bottom of the 4th over - 0 run(s), 0 hit(s), 0 error(s), 0 left on base; Tortolita 0 - Jersey City 1
TOP OF THE 5TH
Tortolita Drummers batting - Pitching for Jersey City Sun Caps : RHP Doug Green
Batting: RHB Rick McGuire 0-0: Called Strike
0-1: Swinging Strike
0-2: Foul Ball, location: 2F
0-2: Ball
1-2: Foul Ball, location: 2F
1-2: Strikes out looking
Batting: RHB Jesús Martínez 0-0: Ball
1-0: Called Strike
1-1: Ball
2-1: Ball
3-1: Foul Ball, location: 2F
3-2: Foul Ball, location: 2F
3-2: Fly out, F3 (Popup, 34)
Batting: RHB Blair Sweeny 0-0: Ball
1-0: Foul Ball, location: 2F
1-1: SINGLE (Line Drive, 7LM)
Batting: RHB Jorge Rosa 0-0: Called Strike
0-1: Called Strike
0-2: Foul Ball, location: 2F
0-2: Fly out, F8 (Line Drive, 8RM)
Top of the 5th over - 0 run(s), 1 hit(s), 0 error(s), 1 left on base; Tortolita 0 - Jersey City 1
BOTTOM OF THE 5TH
Jersey City Sun Caps batting - Pitching for Tortolita Drummers : RHP Eduardo Bravo
Batting: RHB Alfredo Pizarro 0-0: Called Strike
0-1: Ball
1-1: Ball
2-1: Foul Ball, location: 2F
2-2: Ground out U3 (Groundball, 34S)
Batting: RHB Mike Greene 0-0: Ball
1-0: Ball
2-0: Fly out, F9 (Flyball, 9S)
Batting: RHB Mike Peterson 0-0: Ball
1-0: Swinging Strike
1-1: Swinging Strike
1-2: Ball
2-2: Ball
3-2: Fly out, F9 (Flyball, 9LM)
Bottom of the 5th over - 0 run(s), 0 hit(s), 0 error(s), 0 left on base; Tortolita 0 - Jersey City 1
TOP OF THE 6TH
Tortolita Drummers batting - Pitching for Jersey City Sun Caps : RHP Doug Green
Batting: RHB Edmund Gallagher 0-0: Ball
1-0: Swinging Strike
1-1: Ball
2-1: Foul Ball, location: 2F
2-2: Ground out 5-3 (Groundball, 56)
Batting: RHB Stephen Blair 0-0: Foul Ball, location: 2F
0-1: Foul Ball, location: 2F
0-2: Ball
1-2: Foul Ball, location: 2F
1-2: Ground out 3-1 (Groundball, 34)
Batting: RHB Alexis Smeddon 0-0: Ball
1-0: Swinging Strike
1-1: Ball
2-1: Foul Ball, location: 2F
2-2: Foul Ball, location: 2F
2-2: Strikes out swinging
Top of the 6th over - 0 run(s), 0 hit(s), 0 error(s), 0 left on base; Tortolita 0 - Jersey City 1
BOTTOM OF THE 6TH
Jersey City Sun Caps batting - Pitching for Tortolita Drummers : RHP Eduardo Bravo
Pitching: LHP Jeremy Petty
Batting: SHB Dominique Prost 0-0: Ball
1-0: Called Strike
1-1: SINGLE (Groundball, 6D)
Batting: LHB Gerald Kaufman 0-0: Sac Bunt - play at first, batter OUT! 1-4
Dominique Prost to second
Batting: RHB Brandon Reed 0-0: Swinging Strike
0-1: Ball
1-1: Ground out 6-3 (Groundball, 6)
Batting: LHB Cole Thrash 0-0: Foul Ball, location: 2F
0-1: Ground out U3 (Groundball, 3L)
Bottom of the 6th over - 0 run(s), 1 hit(s), 0 error(s), 1 left on base; Tortolita 0 - Jersey City 1
TOP OF THE 7TH
Tortolita Drummers batting - Pitching for Jersey City Sun Caps : RHP Doug Green
Batting: SHB Juan Blanco 0-0: Ball
1-0: Swinging Strike
1-1: Foul Ball, location: 2F
1-2: Ground out 3-1 (Groundball, 34S)
Batting: RHB Ricardo Pacheco 0-0: Called Strike
0-1: Swinging Strike
0-2: Ball
1-2: Ball
2-2: Foul Ball, location: 2F
2-2: Foul Ball, location: 2F
2-2: Fly out, F9 (Flyball, 9LSF)
Batting: RHB Rick McGuire 0-0: Called Strike
0-1: Called Strike
0-2: Ball
1-2: Ball
2-2: Foul Ball, location: 2F
2-2: Ground out 6-3 (Groundball, 56)
Top of the 7th over - 0 run(s), 0 hit(s), 0 error(s), 0 left on base; Tortolita 0 - Jersey City 1
BOTTOM OF THE 7TH
Jersey City Sun Caps batting - Pitching for Tortolita Drummers : LHP Jeremy Petty
Batting: RHB Ed Adams 0-0: Called Strike
0-1: Ball
1-1: Ball
2-1: SOLO HOME RUN (Flyball, 7D), Distance : 385 ft
Batting: LHB Qi-zhen Loong 0-0: Ball
1-0: Swinging Strike
1-1: Foul Ball, location: 2F
1-2: Ball
2-2: Ball
3-2: Foul Ball, location: 2F
3-2: Base on Balls
Batting: RHB Alfredo Pizarro 0-0: Ball
1-0: Called Strike
1-1: Ball
2-1: Bunt missed!
2-2: Foul Ball, location: 2F
2-2: Ball
3-2: Foul Ball, location: 2F
3-2: Foul Ball, location: 2F
3-2: Grounds into double play, 4-6-3 (Groundball, 4M)
Batting: RHB Mike Greene 0-0: Ball
1-0: Ground out 6-3 (Groundball, 6MS)
Bottom of the 7th over - 1 run(s), 1 hit(s), 0 error(s), 0 left on base; Tortolita 0 - Jersey City 2
TOP OF THE 8TH
Tortolita Drummers batting - Pitching for Jersey City Sun Caps : RHP Doug Green
Pitching: LHP Carlos Medina
Batting: RHB Jesús Martínez 0-0: Called Strike
0-1: Called Strike
0-2: Ball
1-2: Ground out 6-3 (Groundball, 6)
Batting: RHB Blair Sweeny 0-0: Called Strike
0-1: SOLO HOME RUN (Flyball, 7D), Distance : 372 ft
Pitching: RHP Godfrey Verbiest
Batting: RHB Jorge Rosa 0-0: Called Strike
0-1: Swinging Strike
0-2: Strikes out swinging
Batting: RHB Edmund Gallagher 0-0: Swinging Strike
0-1: Called Strike
0-2: Hit by Pitch
Batting: RHB Stephen Blair 0-0: Ground out 3-1 (Groundball, 34)
Top of the 8th over - 1 run(s), 1 hit(s), 0 error(s), 1 left on base; Tortolita 1 - Jersey City 2
BOTTOM OF THE 8TH
Jersey City Sun Caps batting - Pitching for Tortolita Drummers : LHP Jeremy Petty
Batting: RHB Mike Peterson 0-0: Ball
1-0: Ground out 6-3 (Groundball, 6)
Batting: SHB Dominique Prost 0-0: Foul Ball, location: 2F
0-1: Foul Ball, location: 2F
0-2: Fly out, F8 (Flyball, 8LD)
Batting: LHB Gerald Kaufman 0-0: Swinging Strike
0-1: Foul Ball, location: 2F
0-2: Ball
1-2: Fly out, F7 (Flyball, 78M)
Bottom of the 8th over - 0 run(s), 0 hit(s), 0 error(s), 0 left on base; Tortolita 1 - Jersey City 2
TOP OF THE 9TH
Tortolita Drummers batting - Pitching for Jersey City Sun Caps : RHP Godfrey Verbiest
Pitching: RHP Oliver Huerta
Now at 3B: Roy Williams
Pinch Hitting: RHB Chris Teague 0-0: Ball
1-0: Called Strike
1-1: Ball
2-1: Ball
3-1: Base on Balls
Batting: SHB Juan Blanco 0-0: Sac Bunt - play at first, batter OUT! 1-3
Chris Teague to second
Batting: RHB Ricardo Pacheco 0-0: Ball
1-0: Ball
2-0: Ball
3-0: Base on Balls
Pinch Hitting: RHB John Moore 0-0: Ball
1-0: Ball
2-0: Ball
3-0: Called Strike
3-1: Base on Balls
Chris Teague to third
Ricardo Pacheco to second
Pinch Hitting: RHB Tyrone Scott 0-0: Ball
1-0: Called Strike
1-1: Grounds into fielders choice 6-2 (Groundball, 6)
Ricardo Pacheco to third
John Moore to second
Batting: RHB Blair Sweeny 0-0: Foul Ball, location: 2F
0-1: Foul Ball, location: 2F
0-2: Ball
1-2: Ball
2-2: Ball
3-2: SINGLE (Line Drive, 4MD)
Ricardo Pacheco scores
John Moore to third
Tyrone Scott to second
John Moore scores
Tyrone Scott to third
Batting: RHB Jorge Rosa 0-0: Swinging Strike
0-1: SINGLE (Flyball, 9S)
Tyrone Scott scores
Blair Sweeny to second
Runner from 2nd tries for 3rd, SAFE, throw made to third
Pitching: RHP Eduardo García
Batting: RHB Edmund Gallagher 0-0: Ball
1-0: Ball
2-0: Ball
3-0: Called Strike
3-1: Fielders Choice at 2nd, 5-4 (Groundball, 5L)
Top of the 9th over - 3 run(s), 2 hit(s), 0 error(s), 1 left on base; Tortolita 4 - Jersey City 2
BOTTOM OF THE 9TH
Jersey City Sun Caps batting - Pitching for Tortolita Drummers : LHP Jeremy Petty
Pitching: RHP Mike Desmond
Now at C: Chris Teague
Now at 2B: Tyrone Scott
Now in RF: Francisco Torres
Batting: RHB Roy Williams 0-0: Swinging Strike
0-1: Swinging Strike
0-2: Ball
1-2: Ball
2-2: Foul Ball, location: 2F
2-2: Ball
3-2: Base on Balls
Batting: LHB Cole Thrash 0-0: Foul Ball, location: 2F
0-1: Ball
1-1: Ball
2-1: Foul Ball, location: 2F
2-2: Fly out, F8 (Flyball, 8RS)
Batting: RHB Ed Adams 0-0: SINGLE (Flyball, 34D)
Roy Williams to second
Runner from 2nd tries for 3rd, SAFE, throw made to third
Batting: LHB Qi-zhen Loong 0-0: Ball
1-0: Called Strike
1-1: Called Strike
1-2: Ball
2-2: Strikes out swinging
Batting: RHB Alfredo Pizarro 0-0: Foul Ball, location: 2F
0-1: Ball
1-1: Foul Ball, location: 2F
1-2: Strikes out swinging
Bottom of the 9th over - 0 run(s), 1 hit(s), 0 error(s), 2 left on base; Tortolita 4 - Jersey City 2
Monday, March 20th, 2017 - OOTP Baseball 17.12 Build 75